 Dungeon Crawl Stone Soup version 0.26.1-11-gd32895ea62 (console) character file.

Game seed: 17014281117779074136

352 Hector the Chopper (level 6, -6/49 HPs)
             Began as a Formicid Abyssal Knight on May 27, 2021.
             Was a Priest of Lugonu.
             Mangled by an ogre
             ... wielding a cursed -2 giant club
              (18 damage)
             ... on level 4 of the Dungeon.
             The game lasted 00:07:51 (3790 turns).

Hector the Chopper (Formicid Abyssal Knight)        Turns: 3790, Time: 00:07:51

Health: -6/49      AC: 10    Str: 18    XL:     6   Next: 94%
Magic:  17/17      EV:  7    Int: 12    God:    Lugonu [***...]
Gold:   204        SH:  0    Dex: 10    Spells: 5/5 levels left

rFire    . . .     SeeInvis +   a - +1 hand axe
rCold    + . .     Faith    .   (no shield)
rNeg     . . .     Spirit   .   h - +0 chain mail
rPois    .         Reflect  .   (helmet unavailable)
rElec    .         Harm     .   (no cloak)
rCorr    .         Rampage  .   (no gloves)
Will     .....                  d - +0 pair of boots
Stlth    ..........             (no amulet)
HPRegen  0.16/turn              q - ring of protection from cold
MPRegen  0.15/turn              u - ring of magical power

@: no status effects
A: permanent stasis, dig shafts and tunnels, four strong arms, antennae 3
a: Dig, Shaft Self, Renounce Religion, Depart the Abyss, Bend Space, Banish


You were on level 4 of the Dungeon.
You worshipped Lugonu.
Lugonu was most pleased with you.
You visited 1 branch of the dungeon, and saw 4 of its levels.
You visited the Abyss 1 time.

You collected 204 gold pieces.

Inventory:

Hand Weapons
 a - a +1 hand axe (weapon)
Missiles
 i - 60 stones
 r - a boomerang of dispersal
 t - 5 boomerangs
Armour
 b - a +0 leather armour
 c - a +0 scale mail
 d - a +0 pair of boots (worn)
 h - a +0 chain mail (worn)
Jewellery
 q - a ring of protection from cold (left hand)
 s - an uncursed ring of protection from fire
 u - a ring of magical power (right hand)
Scrolls
 e - a scroll of teleportation {unknown}
 f - 8 scrolls of identify {unknown}
 j - a scroll of amnesia {unknown}
 m - a scroll of immolation {unknown}
 n - 2 scrolls of noise {unknown}
 p - a scroll of magic mapping {unknown}
Potions
 g - a potion of curing {unknown}
 k - 2 potions of flight {unknown}
 l - a potion of attraction {unknown}
 o - a potion of cancellation {unknown}


   Skills:
 + Level 4.3 Fighting
 * Level 5.3 Axes
 + Level 3.4 Armour
 - Level 0.8 Dodging
 * Level 3.4 Invocations


You had 5 spell levels left.
You didn't know any spells.
Your spell library was empty.

Dungeon Overview and Level Annotations

Branches:
Dungeon (4/15)
 Temple: D:4-7

Altars:
Qazlal


Innate Abilities, Weirdness & Mutations

You cannot be hasted, slowed, berserked, paralysed or teleported.
You can dig through walls and to a lower floor.
Your four strong arms can wield two-handed weapons with a shield.
You have a pair of large antennae on your head. (SInv)


Message History

You completely miss the ogre.
The ogre hits you with a cursed -2 giant club!
You hit the ogre.
The ogre is lightly wounded.
You hit the ogre.
The ogre is moderately wounded.
The ogre hits you with a cursed -2 giant club!
You hit the ogre.
The ogre is moderately wounded.
An orc comes into view. It is wielding a +0 flail.
The ogre hits you with a cursed -2 giant club!
* * * LOW HITPOINT WARNING * * *
You are too injured to fight recklessly!
You are too injured to fight recklessly!
You are too injured to fight recklessly!
You are too injured to fight recklessly!
You hit the ogre.
The ogre is heavily wounded.
The ogre hits you with a cursed -2 giant club!!
You die...

#.........# #.
..######.#..#.#..#
#. ........†#..#.#
.# ##
..............# ..
.....>...#.#..# #
.
..######......#.##
. ###...†...#
###...#....
#.@##...#..
#..†O.##....
#..##.[.##.. #..
....... #.. #o...
... .... .##. ...
#. #. #.


You could see an ogre and an orc.

Vanquished Creatures
  A hound (D:4)
  2 orc priests (D:3)
  Terence (D:2)
  An orc wizard (D:3)
  11 adders
  An adder skeleton (D:4)
  3 worms
  4 leopard geckos
  9 orcs
  5 ball pythons
  5 bats
  4 giant cockroaches
  6 goblins
  7 hobgoblins
  6 jackals
  2 quokkas (D:3)
  6 frilled lizards
  12 kobolds
  11 rats
97 creatures vanquished.

Notes
Turn   | Place    | Note
-------+----------+-------------------------------------------
     0 | Abyss:1  | Hector the Formicid Abyssal Knight began the quest for the
                  | Orb.
     0 | Abyss:1  | Reached XP level 1. HP: 18/18 MP: 2/2
    53 | D:1      | Escaped the Abyss
   273 | D:1      | Reached XP level 2. HP: 23/24 MP: 3/3
   719 | D:1      | You fall into a shaft and drop 1 floor!
   772 | D:2      | Reached XP level 3. HP: 29/30 MP: 4/4
   901 | D:2      | Reached ** piety under Lugonu
  1213 | D:2      | Reached skill level 3 in Axes
  1213 | D:2      | Reached XP level 4. HP: 32/37 MP: 5/5
  2125 | D:2      | Noticed Terence
  2134 | D:2      | Killed Terence
  2135 | D:2      | Reached XP level 5. HP: 39/42 MP: 7/7
  2328 | D:2      | Reached skill level 4 in Axes
  2734 | D:3      | Reached XP level 6. HP: 26/48 MP: 8/8
  2742 | D:3      | Reached *** piety under Lugonu
  3124 | D:3      | Found a stormy altar of Qazlal.
  3591 | D:3      | Reached skill level 5 in Axes
  3780 | D:4      | Noticed an ogre
  3790 | D:4      | Mangled by an ogre

Illustrated notes

Levels and vault maps discovered:
D:1:      psy_arrival_conway, layout_basic
D:2:      layout_loops_ring, kennysheep_generic_room_13, uniq_terence
D:3:      cheibrodos_pilgrimage, layout_loops_ring,
          nicolae_qazlal_general_emergency
D:4:      layout_loops_cross, fedhas_ov_isle_minmay,
          hangedman_decor_peaks_small, tgw_sif

Skill      XL: |  1  2  3  4  5  6 |
---------------+-------------------+-----
Axes           | 3 4 5 |  5.3
Fighting       | 4 |  4.3
Invocations    | 3 |  3.4
Armour         | 3 |  3.4
Dodging        | |  0.8

Action                   |  1- 3 |  4- 6 || total
-------------------------+-------+-------++-------
Melee: Hand axe          |   133 |   222 ||   355
 Abil: Dig               |     2 |     1 ||     3
Armor: Scale mail        |    34 |       ||    34
       Chain mail        |    56 |   173 ||   229
Dodge: Dodged            |    74 |    90 ||   164
